 Dungeon Crawl Stone Soup version 0.26.1-11-gd32895ea62 (webtiles) character file.

Game seed: 9482033704648394583

6356 Fusha the Cleaver (level 11, -22/117 (120) HPs)
             Began as a Human Brigand on June 14, 2021.
             Was a Priest of Qazlal.
             Killed from afar by an orc sorcerer (34 damage)
             ... with a bolt of fire
             ... in a bailey.
             The game lasted 00:49:06 (10881 turns).

Fusha the Cleaver (Human Brigand)                  Turns: 10881, Time: 00:49:08

HP:   -22/117 (120) AC: 20    Str: 16    XL:     11   Next: 17%
MP:   0/14          EV:  6    Int: 15    God:    Qazlal [***...]
Gold: 708           SH: 12    Dex: 14    Spells: 11/14 levels left

rFire    . . .     SeeInvis +   p - +7 hand axe of Eternal Night {vamp, Int+2}
rCold    . . .     Faith    .   h - -2 kite shield
rNeg     . . .     Spirit   +   i - +3 chain mail
rPois    +         Reflect  .   I - +0 helmet
rElec    .         Harm     .   c - +0 cloak
rCorr    .         Rampage  .   J - +2 pair of gloves
Will     .....                  (no boots)
Stlth    ..........             j - amulet of guardian spirit
HPRegen  0.29/turn              l - ring of see invisible
MPRegen  0.14/turn              y - ring of poison resistance

@: berserking, lightly drained, very quick
A: hooves 1, slimy green scales 1, clever 1
a: Renounce Religion, Upheaval, Elemental Force


You were in a bailey.
You worshipped Qazlal.
Qazlal was most pleased with you.
You visited 2 branches of the dungeon, and saw 11 of its levels.
You also visited: Sewer and Bailey.

You collected 708 gold pieces.

Inventory:

Hand Weapons
 a - a +2 dagger of freezing
 p - the +7 hand axe of Eternal Night (weapon) {vamp, Int+2}
   (You found it in a sewer)

   It inflicts no extra harm, but heals its wielder when it wounds a living foe.
   It affects your intelligence (+2).
 P - the +5 hand axe of the Stork {vorpal, rElec rC+, unknown}
   (You found it on level 10 of the Dungeon)

   It inflicts extra damage upon your enemies.
   It protects you from cold.
   It insulates you from electricity.
 Q - the +8 hand axe of Bodily Humours {freeze, rF+ SInv, unknown}
   (You found it on level 10 of the Dungeon)

   It has been specially enchanted to freeze those struck by it, causing extra
   injury to most foes and up to half again as much damage against particularly
   susceptible opponents.
   It can also slow down cold-blooded creatures.
   It protects you from fire.
   It lets you see invisible.
Missiles
 d - 91 poisoned darts (quivered)
 e - 7 curare-tipped darts {!Q}
 k - 6 javelins
 r - 16 boomerangs
 s - 2 silver boomerangs {!Q}
 G - 3 atropa-tipped darts
Armour
 b - a +0 robe
 c - a +0 cloak (worn)
 h - a -2 kite shield (worn)
 i - a +3 chain mail (worn)
 n - a +0 pair of gloves
 u - a scarf of shadows
 D - a scarf of harm
 I - a +0 helmet (worn)
 J - a +2 pair of gloves (worn)
 O - a +0 ring mail
Jewellery
 f - the amulet of the Sun {Spirit Dex+2}
   (You took it off a gnoll shaman on level 8 of the Dungeon)

   [amulet of guardian spirit]

   It causes incoming damage to be split between your health and magic.
   It affects your dexterity (+2).
 j - an amulet of guardian spirit (around neck)
 l - a ring of see invisible (left hand)
 y - a ring of poison resistance (right hand)
 F - an uncursed ring of fire
 H - an uncursed ring of stealth
Wands
 B - a wand of acid (19)
 E - a wand of enslavement (9)
 L - a wand of polymorph (8)
 M - a wand of random effects (17)
Scrolls
 g - a scroll of magic mapping
 w - a scroll of amnesia
 z - a scroll of brand weapon
 K - a scroll of enchant weapon
 N - a scroll of identify
Potions
 m - 4 potions of brilliance
 o - 3 potions of heal wounds
 q - a potion of ambrosia
 t - a potion of lignification
 v - 2 potions of flight
 x - a potion of attraction
 A - 2 potions of invisibility


   Skills:
 + Level 5.5 Fighting
 + Level 3.6 Short Blades
 + Level 8.4 Axes
 + Level 5.1 Throwing
 + Level 5.5 Armour
 + Level 3.1 Dodging
 + Level 4.8 Stealth
 + Level 4.9 Shields
 + Level 2.1 Spellcasting
 * Level 6.2 Translocations
 * Level 2.4 Invocations
 + Level 1.5 Evocations


You had 11 spell levels left.
You knew the following spells:

 Your Spells              Type           Power        Failure   Level
a - Blink                 Tloc           N/A          80%         2
b - Magic Dart            Conj           4%           100%        1

Your spell library contained the following spells:

 Spells                   Type           Power        Failure   Level
 Call Imp                 Summ           1%           100%        2
 Corpse Rot               Necr/Air       N/A          100%        2
 Slow                     Hex            1%           100%        2
 Conjure Flame            Conj/Fire      1%           100%        3
 Mephitic Cloud           Conj/Pois/Air  1%           100%        3
 Stone Arrow              Conj/Erth      2%           100%        3
 Summon Forest            Summ/Tloc      5%           100%        5
 Eringya's Noxious Bog    Tmut/Pois      0%           100%        6
 Hydra Form               Tmut           0%           100%        6
 Summon Hydra             Summ           0%           100%        7


Dungeon Overview and Level Annotations

Branches:
Dungeon (10/15)            Temple (1/1) D:6           Sewer (visited)
 Bailey (1/1)
   Lair: D:8-11         Orc: D:9-12

Altars:
Ashenzari
Cheibriados
Dithmenos
Elyvilon
Fedhas
Gozag
Hepliaklqana
Kikubaaqudgha
Makhleb
Nemelex Xobeh
Okawaru
Qazlal
Ru
Sif Muna
Trog
Uskayaw
Vehumet
Wu Jian
Xom
Yredelemnul
Zin
The Shining One

Annotations:
D:4 Grinder


Innate Abilities, Weirdness & Mutations

You have large cloven feet.
You are partially covered in slimy green scales. (AC +2)
Your mind is acute. (Int +2)


Message History

The smoke demon hits you but does no damage. x2
You block the smoke demon's attack.
You hit the orc sorcerer. You kick the orc sorcerer!
The orc sorcerer is moderately wounded.
You slash the orange demon! You closely miss the smoke demon.
You hear a shout!
The orange demon stings you.
* * * LOW HITPOINT WARNING * * *
You block the orange demon's attack.
An electric eel comes into view.
A goblin comes into view. It is wielding a +0 hand axe.
The smoke demon hits you but does no damage. x3
You closely miss the orc sorcerer. Your kick misses the orc sorcerer.
The orc sorcerer is moderately wounded.
You hit the smoke demon but do no damage.
You barely miss the orange demon.
You hear a shout!
The orc sorcerer points at you and mumbles some strange words.
The bolt of fire hits you!!
You die...

######.......######
≈≈≈≈≈.........≈≈≈≈≈
≈≈≈≈≈≈≈≈...≈§≈≈≈≈≈≈
≈≈≈≈≈≈≈≈..§≈≈≈≈≈≈≈≈
≈≈≈≈≈≈≈≈...≈≈≈≈≈≈≈≈
≈≈≈;≈≈≈≈.§§≈≈≈≈≈≈≈≈
####≈≈≈≈..§≈≈≈≈##
#......§)...#
#####))@#####
+..43o'..#
+...)go..#
#..⌠)(#..#
#.....#.... #.....#
..8. ####### ...
.8g


You could see an orange demon (summoned), a smoke demon (summoned), an orc
sorcerer, an orc warrior, an electric eel, a hobgoblin and a goblin.

Vanquished Creatures
  The ghost of Almogavar the Geomancer, a novice GrEE (D:8)
  A centaur zombie (D:8)
  A hornet (D:8)
  Sigmund (D:4)
  The ghost of Thjof the Grave Robber, an amateur DDNe (D:4)
  Duvessa (D:4)
  2 water moccasins (D:9)
  Purgy (Sewer)
  10 orc warriors
  A sky beast (D:7)
  An ice beast (D:5)
  A phantom (D:4)
  2 ogres
  2 big kobolds (D:4)
  2 bullfrogs
  4 gnoll sergeants (D:8)
  Dowan (D:4)
  2 scorpions
  A water moccasin skeleton (D:7)
  8 killer bees
  5 wights (D:8)
  An electric eel (Bailey)
  3 howler monkeys
  A bullfrog zombie (D:6)
  2 hounds
  A jelly (D:9)
  8 orc priests
  2 centaur skeletons
  A gnoll shaman (D:8)
  19 orc wizards
  2 bullfrog skeletons (D:4)
  3 iguanas
  6 worker ants
  A hound zombie (D:2)
  A hound skeleton (D:9)
  Robin (D:4)
  2 worker ant zombies
  9 gnolls
  10 adders
  2 howler monkey skeletons
  A river rat (D:3)
  2 shadow imps
  2 white imps
  2 oozes
  An adder zombie (D:8)
  An adder skeleton (D:9)
  2 worms
  2 dart slugs (D:2)
  10 leopard geckos
  63 orcs
  A ball python (D:3)
  6 giant cockroaches
  15 goblins
  8 hobgoblins
  6 jackals
  4 quokkas
  9 bats
  2 frilled lizards (D:3)
  22 kobolds
  13 rats
296 creatures vanquished.

Vanquished Creatures (others)
  6 plants (D:8)
6 creatures vanquished.

Grand Total: 302 creatures vanquished

Notes
Turn   | Place    | Note
-------+----------+-------------------------------------------
     0 | D:1      | Fusha the Human Brigand began the quest for the Orb.
     0 | D:1      | Reached XP level 1. HP: 16/16 MP: 1/1
   128 | D:1      | Reached XP level 2. HP: 22/22 MP: 2/2
   722 | D:1      | Reached XP level 3. HP: 27/27 MP: 3/3
   971 | D:2      | Noticed a sky beast
  1062 | D:2      | Reached XP level 4. HP: 30/34 MP: 1/4
  1803 | D:3      | Reached XP level 5. HP: 39/40 MP: 5/5
  1943 | D:3      | Found a glowing drain.
  1979 | Sewer    | Entered a sewer
  1989 | Sewer    | Got a fading hand axe
  2069 | Sewer    | Noticed Purgy
  2105 | Sewer    | Gained mutation: Armour fits poorly on your strangely
                  | shaped body. [potion of mutation]
  2105 | Sewer    | Gained mutation: You are partially covered in thin metallic
                  | scales. (AC +2) [potion of mutation]
  2106 | Sewer    | Identified the +7 hand axe of Eternal Night {vamp, Int+2}
                  | (You found it in a sewer)
  2115 | Sewer    | Killed Purgy
  2116 | Sewer    | Reached skill level 1 in Armour
  2116 | Sewer    | Reached skill level 1 in Shields
  2116 | Sewer    | Reached XP level 6. HP: 37/47 MP: 4/6
  2307 | D:3      | Learned a level 2 spell: Blink
  2309 | D:3      | Learned a level 1 spell: Magic Dart
  2365 | D:3      | Found a sacrificial altar of Ru.
  2657 | D:4      | Noticed Sigmund
  2662 | D:4      | Reached skill level 1 in Spellcasting
  2670 | D:4      | Killed Sigmund
  2671 | D:4      | Reached skill level 1 in Axes
  2671 | D:4      | Reached skill level 1 in Translocations
  2671 | D:4      | Reached XP level 7. HP: 45/52 MP: 7/9
  3048 | D:4      | Reached skill level 2 in Axes
  3499 | D:4      | Reached XP level 8. HP: 60/60 MP: 10/10
  3627 | D:4      | Noticed Duvessa
  3629 | D:4      | Noticed Grinder
  3632 | D:4      | Noticed Dowan
  3639 | D:4      | Paralysed by Grinder for 3 turns
  3705 | D:5      | Entered Level 5 of the Dungeon
  3877 | D:5      | Found a sparkling altar of Nemelex Xobeh.
  3927 | D:5      | Reached skill level 3 in Axes
  4727 | D:6      | Found a staircase to the Ecumenical Temple.
  4747 | Temple   | Entered the Ecumenical Temple
  4800 | Temple   | Became a worshipper of Qazlal Stormbringer
  5499 | D:6      | Reached skill level 4 in Axes
  5655 | D:6      | Reached XP level 9. HP: 65/65 MP: 12/12
  6367 | D:7      | Found a shadowy altar of Dithmenos.
  6444 | D:7      | Reached skill level 5 in Axes
  6513 | D:7      | Reached * piety under Qazlal
  7050 | D:7      | Reached skill level 6 in Axes
  7199 | D:7      | Reached skill level 1 in Evocations
  7957 | D:4      | Noticed Robin
  7966 | D:4      | Killed Robin
  8037 | D:4      | Killed Duvessa
  8041 | D:4      | Killed Dowan
  8042 | D:4      | Reached XP level 10. HP: 73/73 MP: 11/13
  8048 | D:4      | Found a runed translucent gate.
  8048 | D:4      | Found a runed translucent gate.
  8048 | D:4      | Found a runed translucent gate.
  8054 | D:4      | Noticed Thjof's ghost (amateur DDNe)
  8077 | D:4      | Reached ** piety under Qazlal
  8117 | D:4      | Killed Thjof's ghost
  8515 | D:8      | Reached skill level 7 in Axes
  8556 | D:8      | Identified the amulet of the Sun {Spirit Dex+2}
  8663 | D:8      | Reached skill level 5 in Fighting
  8663 | D:8      | Reached skill level 5 in Armour
  8663 | D:8      | Reached skill level 5 in Translocations
  8757 | D:8      | Paralysed by a hornet for 1 turns
  8809 | D:7      | Reached *** piety under Qazlal
  9306 | D:8      | Found a transporter.
  9306 | D:8      | Found a transporter.
  9313 | D:8      | Noticed Almogavar's ghost (novice GrEE)
  9342 | D:8      | Killed Almogavar's ghost
  9343 | D:8      | Reached skill level 8 in Axes
  9343 | D:8      | Reached skill level 5 in Throwing
  9343 | D:8      | Reached skill level 1 in Invocations
  9351 | D:8      | Reached XP level 11. HP: 39/80 MP: 3/14
 10025 | D:9      | Lost mutation: You are partially covered in thin metallic
                  | scales. (AC +2) [potion of mutation]
 10025 | D:9      | Lost mutation: Armour fits poorly on your strangely shaped
                  | body. [potion of mutation]
 10025 | D:9      | Gained mutation: You have large cloven feet. [potion of
                  | mutation]
 10025 | D:9      | Gained mutation: You are partially covered in slimy green
                  | scales. (AC +2) [potion of mutation]
 10025 | D:9      | Gained mutation: Your mind is acute. (Int +2) [potion of
                  | mutation]
 10724 | D:10     | Entered Level 10 of the Dungeon
 10808 | D:10     | Found a flagged portal.
 10817 | D:10     | Got a shimmering hand axe
 10819 | D:10     | Got an ivory hand axe
 10823 | Bailey   | Entered a bailey
 10866 | Bailey   | Noticed an orc sorcerer
 10881 | Bailey   | Killed from afar by an orc sorcerer

Illustrated notes

Levels and vault maps discovered:
D:1:      heliophobic_arrival_enchanted_forest, layout_rooms,
          minmay_rat_gold_closets
D:2:      minmay_door_path, layout_rooms, lightli_corner_chamber
D:3:      layout_rooms, gup_sewer_entry_bowl,
          nicolae_ru_great_annihilating_truth
D:4:      layout_loops_corners, gammafunk_ghost_nasty_kobolds,
          serial_park_tiny_pond, uniq_grinder, uniq_robin, uniq_sigmund,
          uniq_duvessa
D:5:      layout_gridville, nemelex_xobeh_ov_fountains_minmay
D:6:      layout_cave_pods, minmay_temple_entry_proselytizer
D:7:      layout_basic, nicolae_dithmenos_shadow_blocks
D:8:      layout_cave_pools, special_room [special_room_orc],
          gammafunk_ghost_gnarly_gnolls
D:9:      layout_loops_cross
D:10:     layout_layer_cave, enter_bailey_2
Temple:   kilobyte_greek_temple
Bailey:   bailey_axe_of_yendor_kennysheep, bailey

Skill      XL: |  1  2  3  4  5  6  7  8  9 10 11 |
---------------+----------------------------------+-----
Short Blades   | 3 |  3.6
Fighting       | 3 4 5 |  5.5
Armour         | 1 3 4 5 |  5.5
Dodging        | 2 3 |  3.1
Shields        | 1 2 3 4 |  4.9
Spellcasting   | 1 2 |  2.1
Axes           | 1 2 4 6 8 |  8.4
Translocations | 1 3 4 5 6 |  6.2
Throwing       | 3 5 |  5.1
Evocations     | 1 |  1.5
Invocations    | 1 2 |  2.4
Stealth        | |  4.8

Action                   |  1- 3 |  4- 6 |  7- 9 | 10-12 || total
-------------------------+-------+-------+-------+-------++-------
Melee: Dagger            |   116 |   175 |       |       ||   291
       Hand axe          |       |    37 |   353 |   332 ||   722
       Kick              |       |       |       |    26 ||    26
Throw: Dart              |       |    20 |    60 |    17 ||    97
       Boomerang         |       |       |     2 |    18 ||    20
Invok: Upheaval          |       |       |       |     3 ||     3
Evoke: Wand              |       |       |     7 |     7 ||    14
  Use: Scroll            |     2 |    10 |    10 |     6 ||    28
       Potion            |       |     3 |       |     5 ||     8
 Stab: Sleeping          |     3 |       |       |       ||     3
       Invisible         |       |     1 |     1 |       ||     2
       Paralysed         |       |     1 |       |       ||     1
Armor: Robe              |     9 |       |       |       ||     9
       Chain mail        |    36 |   123 |   169 |   176 ||   504
       Skin              |       |    61 |       |       ||    61
Dodge: Dodged            |    31 |    34 |    70 |    69 ||   204
Block: Kite shield       |    15 |    54 |   120 |   169 ||   358
